AoeStats
← [CL] El Sin Manos

Nomad

510233262Analyzed
4v4 RM · 21h ago on Sep 30, 2026· 34m 15s· 8 players
Game mode
Random Map
Map size
231×231
Population
200
Speed
Normal
Resources
Standard
Victory
Conquest
Starting age
Dark Age
Ending age
Imperial Age
RankedLock teamsTeams togetherTeam positionsShared explorationLock speedFull tech treeHidden civsTurbo modeCheats
Victory
Defeat
🇨🇱 Persians · Chile
1726
+8
🇨🇱 Mapuche · Chile
1621
+12
🇨🇱 Burmese · Chile
1595
+12
🇨🇱 Vietnamese · Chile
1590
+13
🇦🇷 Italians · Argentina
1567
-13
🇦🇷 Huns · Argentina
1548
-12
🇨🇱 Shu · Chile
1509
-11
🇦🇷 Goths · Argentina
1477
-9
[CL] FARFANA
5:17 Loom
13:52 Feudal Age
18:11 Castle Age
16:56 Fletching
17:10 Double-Bit Axe
18:11 Gold Mining
18:56 Bodkin Arrow
23:58 Town Watch
24:48 Wheelbarrow
26:03 Ballistics
28:54 Padded Archer Armor
30:52 Horse Collar
[CL] Dubstepyzed
5:45 Loom
12:10 Feudal Age
18:12 Castle Age
16:24 Fishing Lines
19:16 Wheelbarrow
19:04 Gillnets
21:17 Padded Archer Armor
22:08 Gold Mining
24:03 Husbandry
25:26 Bloodlines
27:04 Sanctity
26:38 Horse Collar
27:45 Ballistics
30:10 Fervor
36:46 Imperial Age
34:21 Town Watch
CL | Inkisidor_
5:11 Loom
12:13 Feudal Age
12:37 Feudal Age
16:48 Castle Age
14:43 Double-Bit Axe
15:29 Horse Collar
15:40 Gold Mining
16:34 Fishing Lines
17:46 Bow Saw
18:48 Heavy Plow
23:48 Forging
28:28 Town Watch
29:18 Wheelbarrow
30:45 Hand Cart
33:48 Imperial Age
31:53 Gold Mining
31:54 Stone Mining
33:25 Stone Shaft Mining
33:29 Gold Shaft Mining
33:43 Scale Barding Armor
34:14 Iron Casting
34:26 Bloodlines
34:16 Husbandry
35:19 Iron Casting
[CL] El Sin Manos
6:04 Loom
12:32 Feudal Age
13:02 Double-Bit Axe
15:16 Fletching
22:09 Castle Age
25:15 Town Watch
26:04 Bow Saw
29:49 Wheelbarrow
32:06 Horse Collar
33:12 Stone Mining
33:13 Gold Mining
EDM Martirena
4:01 Loom
12:45 Feudal Age
16:54 Castle Age
15:55 Double-Bit Axe
18:26 Bow Saw
18:30 Scale Barding Armor
18:39 Forging
20:27 Horse Collar
28:11 Husbandry
28:22 Bloodlines
29:57 Wheelbarrow
32:13 Gold Mining
32:14 Stone Mining
32:40 Hand Cart
33:09 Chain Barding Armor
36:34 Imperial Age
34:17 Heavy Plow
34:52 Gold Shaft Mining
Manolo Lama
5:23 Loom
14:08 Feudal Age
19:10 Castle Age
17:38 Double-Bit Axe
17:38 Horse Collar
20:41 Scale Mail Armor
30:46 Chain Mail Armor
35:01 Imperial Age
[CL] TheCobra
10:11 Loom
12:26 Feudal Age
16:30 Castle Age
15:15 Double-Bit Axe
17:41 Bow Saw
18:48 Horse Collar
24:14 Fletching
26:39 Elite Skirmisher
30:22 Bodkin Arrow
30:28 Padded Archer Armor
33:55 Ballistics
ROCKMAN 4
9:19 Loom
11:43 Feudal Age
16:03 Castle Age
15:51 Double-Bit Axe
16:57 Medium Warships
21:42 Fletching
27:00 Bodkin Arrow
29:36 Horse Collar
32:39 Wheelbarrow
Connection lost

Rejoining the realm…

Still unreachable

The connection could not be restored.

Session expired

The server has moved on; the page needs a fresh start.